 Dungeon Crawl Stone Soup version 0.26.1-2-gb8aa6d0cf2 (webtiles) character file.

Game seed: 9935579688479629037

21 Almogavar the Skirmisher (level 2, -1/27 HPs)
             Began as a Minotaur Berserker on Mar 20, 2021.
             Was a Follower of Trog.
             Slain by a bullfrog (3 damage)
             ... on level 2 of the Dungeon.
             The game lasted 00:04:25 (1065 turns).

Almogavar the Skirmisher (Minotaur Berserker)       Turns: 1065, Time: 00:04:25

Health: -1/27      AC:  3    Str: 19 (21) XL:     2   Next: 65%
Magic:  1/1        EV: 12    Int:  9 (10) God:    Trog [*.....]
Gold:   49         SH:  0    Dex:  8 (9)  Spells: 1/1 levels left

rFire    . . .     SeeInvis .   a - +0 falchion
rCold    . . .     Faith    .   (no shield)
rNeg     . . .     Spirit   .   n - +0 leather armour
rPois    .         Reflect  .   (helmet restricted)
rElec    .         Harm     .   (no cloak)
rCorr    .         Rampage  .   (no gloves)
Will     .....                  (no boots)
Stlth    ++........             (no amulet)
HPRegen  0.09/turn              h - ring of stealth
MPRegen  0.07/turn              e - +6 ring of intelligence

@: no status effects
A: retaliatory headbutt, horns 2
a: Renounce Religion, Berserk


You were on level 2 of the Dungeon.
You worshipped Trog.
Trog was aware of your devotion.
You visited 1 branch of the dungeon, and saw 2 of its levels.

You collected 49 gold pieces.

Inventory:

Hand Weapons
 a - a +0 falchion (weapon)
Missiles
 f - 52 stones
Armour
 n - a +0 leather armour (worn)
Jewellery
 e - a +6 ring of intelligence (right hand)
 h - a ring of stealth (left hand)
Scrolls
 k - a scroll of remove curse
 l - a scroll of enchant weapon {unknown}
Potions
 d - a potion of lignification {unknown}
 g - a potion of might {unknown}
 i - a potion of curing {unknown}
 m - a potion of berserk rage {unknown}


   Skills:
 + Level 4.1 Fighting
 + Level 4.0 Long Blades
 + Level 2.6 Armour
 + Level 2.5 Dodging


You had one spell level left.
You didn't know any spells.
Your spell library was empty.

Dungeon Overview and Level Annotations

Branches:
Dungeon (2/15)

Altars:

Annotations:
D:2 Natasha


Innate Abilities, Weirdness & Mutations

You reflexively headbutt those who attack you in melee.
You have a pair of horns on your head.


Message History

Natasha stares at you and mumbles some strange words.
The magic dart hits you. The bullfrog hits you.
You barely miss the bullfrog.
The bullfrog is lightly wounded.
The bullfrog closely misses you. You furiously retaliate!
You headbutt the bullfrog. You hit the bullfrog but do no damage.
Your headbutt misses the bullfrog.
The bullfrog is moderately wounded.
The bullfrog hits you! x2
* * * LOW HITPOINT WARNING * * *
Natasha casts a spell.
You are too injured to fight recklessly!
You are too injured to fight recklessly!
You are too injured to fight recklessly!
Unknown command.
It was a potion of degeneration.
There was something very wrong with that liquid.
You feel weakened.
You feel dopey.
You feel clumsy. The bullfrog hits you.
You die...

♣♣♣ ♣.(
♣♣♣♣..♣ .5...
♣...♣
♣hF.♣♣♣♣
♣♣♣♣@....♣
♣♣♣....♣♣♣♣.♣
♣♣♣...♣♣♣♣
♣♣♣♣....♣♣
♣♣♣.....♣♣♣
♣....♣♣♣♣
♣♣..♣♣♣ ♣..♣♣
♣♣..♣♣♣♣


You could see a bullfrog, Natasha and a crimson imp (summoned).

Vanquished Creatures
  A dart slug (D:1)
  A ball python (D:1)
  A giant cockroach (D:1)
  3 goblins (D:1)
  A hobgoblin (D:1)
  4 bats (D:1)
  3 frilled lizards (D:1)
  3 kobolds (D:1)
  2 rats
19 creatures vanquished.

Notes
Turn   | Place    | Note
-------+----------+-------------------------------------------
     0 | D:1      | Almogavar the Minotaur Berserker began the quest for the
                  | Orb.
     0 | D:1      | Reached XP level 1. HP: 19/19 MP: 0/0
   178 | D:1      | Reached XP level 2. HP: 27/27 MP: 1/1
  1060 | D:2      | Noticed a bullfrog
  1061 | D:2      | Noticed Natasha
  1065 | D:2      | Noticed a crimson imp
  1065 | D:2      | Slain by a bullfrog

Illustrated notes

Levels and vault maps discovered:
D:1:      scummos_arrival_star, layout_basic, corner_web_ring
D:2:      kb_forest_paths, layout_basic, elyvilon_altar_5, uniq_natasha

Skill      XL: |  1  2 |
---------------+-------+-----
Long Blades    | 4 |  4.0
Fighting       | 4 |  4.1
Armour         | |  2.6
Dodging        | |  2.5

Action                   || total
-------------------------++-------
Melee: Falchion          ||    37
       Headbutt          ||     7
  Use: Scroll            ||     2
       Potion            ||     1
 Stab: Sleeping          ||     2
Armor: Animal skin       ||     7
       Leather armour    ||     7
Dodge: Dodged            ||    22
       Rpst.: Falchion   ||     4
